cohdb
Replays
Latest Replays
All Replays
Popular Replays
Top Player Replays
Match Explorer
How It Works
Community
CoH3 Stats
Reddit
Sign in to upload your games and track your stats! →
Sign in with Steam
Match 47169684
Unlisted
Match 47169684
Overview
Messages
Build Orders
End
Construct Weapon Support Center
Selects Heavy Weapons
Selects Heavy Weapons
M1919 Machine Gun Team
M1919 Machine Gun Team
M1919 Machine Gun Team
Engineer Squad
Mechanized Support Center
Sniper
Selects Assault Carriers
M3 Assault Carrier
M3 Assault Carrier
M3 Assault Carrier
Selects Exchangeable Parts
M3 Assault Carrier
Designate Forward Repair Station
M3 Assault Carrier
Designate Forward Repair Station
Engineer Squad
Sniper
Engineer Squad
Salvage Crew
M3 Assault Carrier
Sniper
MagnusT
무적전차331호
Stanl
মাহমুদ সারহ
WulfGang
Krampus
anioki
Sky Blues
0
0
Comments
sign in to comment!
No comments posted yet!